 Dungeon Crawl Stone Soup version 0.28-a0-1613-gdaab1c2f9b (webtiles) character file.

Game seed: 11277480037592601418

1948 Shayle the Covert (level 8, -2/56 HPs)
             Began as a Demonspawn Warper on Jan 21, 2022.
             Was a Believer of Wu Jian.
             Shot with a sling bullet by Joseph (6 damage)
             ... on level 7 of the Dungeon.
             The game lasted 00:25:24 (9143 turns).

Shayle the Covert (Demonspawn Warper)               Turns: 9143, Time: 00:25:25

Health: -2/56      AC:  6    Str: 14    XL:     8   Next: 98%
Magic:  0/11       EV: 11    Int: 15    God:    Wu Jian [**....]
Gold:   160        SH:  0    Dex: 14    Spells: 11/11 levels left

rFire   + . .      SeeInvis .   i - +2 trident (vorpal)
rCold   + . .      Faith    .   (no shield)
rNeg    . . .      Spirit   +   b - +0 leather armour
rPois   +          Reflect  .   m - +1 hat
rElec   +          Harm     .   n - +0 cloak
rCorr   +          Rampage  .   (no gloves)
Will    .....                   e - +0 pair of boots
Stlth   +++.......              (no amulet)
HPRegen 0.18/turn               (no ring)
MPRegen 0.24/turn               (no ring)

@: mighty, resistant, very slow
A: thin skeletal structure 1, demonic guardian 2, magic shield, magic
regeneration
a: Renounce Religion, Wall Jump


You were on level 7 of the Dungeon.
You worshipped Wu Jian.
Wu Jian was pleased with you.
You visited 2 branches of the dungeon, and saw 8 of its levels.
You also visited: Sewer.

You collected 216 gold pieces.
You spent 56 gold pieces at shops.

Inventory:

Hand Weapons
 a - a +0 hand axe
 f - a +1 hand axe of electrocution
 i - a +2 vorpal trident (weapon)
 l - a +2 short sword of protection
 s - a +1 broad axe
Missiles
 g - 33 poisoned darts (quivered)
 j - 6 boomerangs
Armour
 b - a +0 leather armour (worn)
 e - a +0 pair of boots (worn)
 m - a +1 hat (worn)
 n - a +0 cloak (worn)
Wands
 t - a wand of acid (7)
 w - a wand of polymorph (5)
Scrolls
 c - 2 scrolls of amnesia
 d - 4 scrolls of identify
 k - a scroll of immolation
 u - 3 scrolls of fear
Potions
 o - a potion of haste {unknown}
 p - a potion of resistance
 q - a potion of might
 r - 2 potions of magic
 v - 2 potions of curing {unknown}


   Skills:
 - Level 2.0 Fighting
 + Level 7.9 Axes
 - Level 0.8 Throwing
 - Level 0.8 Armour
 - Level 1.7 Dodging
 + Level 8.1 Stealth
 - Level 2.0 Spellcasting
 - Level 2.6 Translocations


You had 11 spell levels left.
You didn't know any spells.
Your spell library contained the following spells:

 Spells                   Type           Power      Damage    Failure   Level
 Blink                    Tloc           18%        N/A       14%         2
 Gell's Gravitas          Tloc           9%         N/A       26%         3
 Lesser Beckoning         Tloc           9%         N/A       26%         3
 Teleport Other           Tloc           9%         N/A       26%         3
 Manifold Assault         Tloc           9%         N/A       94%         5


Dungeon Overview and Level Annotations

Branches:
Dungeon (7/15)             Temple (1/1) D:4           Sewer (visited)

Altars:
Dithmenos
Fedhas
Gozag
Kikubaaqudgha
Makhleb
Ru
Trog
Vehumet
Wu Jian
Zin

Shops:
D:1 [   D:6 (

Annotations:
D:3 Sigmund
D:7 Dowan, Joseph


Innate Abilities, Weirdness & Mutations

You have a somewhat thin skeletal structure. (Dex +2, Stealth+)
A demonic guardian rushes to your aid.
When hurt, damage is shared between your health and your magic reserves.
You regenerate magic rapidly.


Message History

Duvessa barely misses your orange demon.
Joseph unwields a +0 hunting sling.
Joseph wields a +0 quarterstaff.
Joseph hits your orange demon with a +0 quarterstaff!
Reach: i) +2 trident (vorpal)
Press: ? - help, Dir - move target, f/p - Joseph
Aim: Joseph, wielding a +0 quarterstaff, wearing a +0 leather armour and quivering sling bullets (heavily wounded, very poisoned, weak, ally target, about 37% to evade your +2 vorpal trident)
You reach to attack!
Your unstable footing causes you to fumble your attack.
Your orange demon barely misses Joseph.
Your orange demon hits Joseph.
Duvessa hits your orange demon with a +0 rapier!
Your orange demon dies!
Your orange demon disappears in a puff of smoke!
Joseph unwields a +0 quarterstaff.
Joseph wields a +0 hunting sling.
Joseph shoots a sling bullet.
The sling bullet hits you!
You feel much better.
You hit Duvessa but do no damage. Duvessa closely misses you.
You barely miss Duvessa. Duvessa hits you with a +0 rapier!
Your unstable footing causes you to fumble your attack.
Duvessa hits you with a +0 rapier!
* * * LOW HITPOINT WARNING * * *
Dowan mumbles some strange words.
Dowan blinks!
Duvessa hits you with a +0 rapier!
* * * LOW HITPOINT WARNING * * *
Unknown command.
You puncture Duvessa! Your punch misses Duvessa.
Duvessa is moderately wounded.
Duvessa closely misses you.
You hit Duvessa. You punch Duvessa.
Duvessa is heavily wounded.
Duvessa hits you but does no damage.
You puncture Duvessa!
Duvessa is almost dead.
Duvessa hits you but does no damage.
You puncture Duvessa!
You kill Duvessa!
The Council accepts your kill.
Dowan seems overcome with grief.
Dowan seems to find hidden reserves of power!
Joseph shoots a sling bullet.
The sling bullet hits you!
You die...

#$.. #S#.#≈#
#...#####.####
#.......Z....###
#....g.{.gg.....
#....###.#.##### ####
#....# #.#.# ...
#....# #.#.#
######.######.###.#.#
........@)@g......#.#
.#####.###{e#.#####.#
#. ##.### #. #.# #.
#.# #. #.## #. #.# #.
#.#


You could see Joseph (very poisoned, weak), Dowan (fast) and a gnoll.

Vanquished Creatures
  A wyvern (D:7)
  Eustachio (D:5)
  Duvessa (D:7)
  A sky beast (D:7)
  2 centaurs
  A phantom (D:5)
  2 kobold brigands (Sewer)
  2 scorpions (D:5)
  A bullfrog zombie (D:5)
  5 hounds
  An orc priest (D:3)
  3 bullfrog skeletons (D:5)
  3 jellies
  A gnoll shaman (D:5)
  Natasha (thrice) (D:3 D:2)
  A hound zombie (D:5)
  A hound skeleton (D:5)
  9 gnolls
  14 adders
  2 river rats (Sewer)
  3 worms
  3 dart slugs
  4 orcs
  2 endoplasms
  6 giant cockroaches
  9 goblins
  3 hobgoblins
  18 kobolds
  3 quokkas
  12 ball pythons
  A bat (D:1)
  A frilled lizard (D:2)
  24 rats
144 creatures vanquished.

Vanquished Creatures (collateral kills)
  Grinder (D:5)
  An iguana (D:4)
  An adder (D:5)
3 creatures vanquished.

Grand Total: 147 creatures vanquished

Notes
Turn   | Place    | Note
-------+----------+-------------------------------------------
     0 | D:1      | Shayle the Demonspawn Warper began the quest for the Orb.
     0 | D:1      | Reached XP level 1. HP: 16/16 MP: 3/3
   149 | D:1      | Found Sytaf's Antique Armour Shop.
   566 | D:1      | Gained mutation: You have a somewhat thin skeletal
                  | structure. (Dex +2, Stealth+) [demonic ancestry]
   566 | D:1      | Reached XP level 2. HP: 21/22 MP: 5/5
   828 | D:2      | Found a faded altar of an unknown god.
  1031 | D:2      | Noticed Natasha
  1047 | D:3      | Noticed Sigmund
  1051 | D:3      | HP: 1/22 [Natasha/magic dart (9)]
  1060 | D:3      | Killed Natasha
  1061 | D:3      | Reached skill level 1 in Stealth
  1061 | D:3      | Reached XP level 3. HP: 27/27 MP: 6/6
  1763 | D:1      | Reached skill level 2 in Stealth
  1763 | D:1      | Gained mutation: You regenerate magic rapidly. [demonic
                  | ancestry]
  1763 | D:1      | Reached XP level 4. HP: 27/33 MP: 7/7
  1905 | D:3      | Noticed Natasha
  3126 | D:2      | Killed Natasha
  3127 | D:2      | Gained mutation: A weak demonic guardian rushes to your
                  | aid. [demonic ancestry]
  3127 | D:2      | Reached XP level 5. HP: 4/38 MP: 8/8
  3475 | D:2      | Noticed Natasha
  3487 | D:2      | Killed Natasha
  3488 | D:2      | Reached skill level 3 in Stealth
  4202 | D:4      | Noticed an acid dragon
  4333 | D:3      | Gained mutation: A demonic guardian rushes to your aid.
                  | [demonic ancestry]
  4333 | D:3      | Reached XP level 6. HP: 12/44 MP: 9/9
  4590 | D:4      | Found a staircase to the Ecumenical Temple.
  4600 | Temple   | Entered the Ecumenical Temple
  4671 | Temple   | Became a worshipper of the Wu Jian Council
  4756 | D:4      | Reached skill level 4 in Stealth
  4890 | D:4      | Noticed an orc warrior
  4901 | D:4      | HP: 2/44 [something/puff of flame (11)]
  5332 | D:3      | Found an opulent altar of Gozag.
  5333 | D:3      | You fall into a shaft and drop 2 floors!
  5333 | D:5      | Entered Level 5 of the Dungeon
  5557 | D:5      | Noticed Grinder
  5567 | D:5      | Killed Grinder
  5568 | D:5      | Reached skill level 5 in Axes
  5568 | D:5      | Gained mutation: When hurt, damage is shared between your
                  | health and your magic reserves. [demonic ancestry]
  5568 | D:5      | Reached XP level 7. HP: 38/50 MP: 10/10
  5572 | D:5      | Reached skill level 5 in Stealth
  6194 | D:5      | Noticed Eustachio
  6502 | D:6      | Found a glowing drain.
  6535 | Sewer    | Entered a sewer
  6564 | Sewer    | Reached * piety under Wu Jian
  6689 | Sewer    | Reached skill level 6 in Stealth
  6970 | Sewer    | Reached XP level 8. HP: 42/56 MP: 9/11
  7391 | Sewer    | Reached ** piety under Wu Jian
  7824 | D:6      | Found Lietoiq's Weapon Boutique.
  7902 | D:6      | Bought a +0 broad axe for 56 gold pieces
  8433 | D:5      | Reached skill level 7 in Stealth
  8715 | D:5      | Killed Eustachio
  9022 | D:7      | Noticed Joseph
  9101 | D:7      | Noticed Duvessa
  9102 | D:7      | Noticed Dowan
  9115 | D:7      | Reached skill level 8 in Stealth
  9143 | D:7      | Killed Duvessa
  9143 | D:7      | Shot with a sling bullet by Joseph

Illustrated notes

Levels and vault maps discovered:
D:1:      onia_arrival_mini_spirals, layout_basic, serial_shops,
          nicolae_shop_advertising_works [nicolae_subvault_shop_adworks]
D:2:      layout_rooms, hellmonk_ecumenical_altar_blasted, uniq_natasha
D:3:      layout_rooms, mainiacjoe_overflow_brackets, uniq_sigmund
D:4:      nicolae_cairo_tiling_very_big, layout_cave_pools,
          minmay_temple_entry_sparse_star
D:5:      layout_loops_ring, uniq_grinder, uniq_eustachio
D:6:      layout_rooms, nicolae_yredelemnul_corpse_copse, gup_sewer_entry_glass,
          nicolae_stop_n_shop_2, roderic_nine_men_s_morris
D:7:      layout_basic, old_standard_altar, okawaru_trees_1, serial_aquarium,
          aquarium_bridge_straight [aquarium_subvault_bridge,
          aquarium_subvault_wall, aquarium_subvault_bridge,
          aquarium_subvault_wall], aquarium_bridge_straight
          [aquarium_subvault_bridge, aquarium_subvault_window,
          aquarium_subvault_bridge, aquarium_subvault_wall], aquarium_window_2,
          aquarium_window_2, aquarium_window_fake, aquarium_view_2c,
          aquarium_view_2d, aquarium_balcony_3a, enter_bailey_3, uniq_joseph,
          uniq_duvessa
Temple:   compressed_dpeg_triangle_lava_temple

Skill      XL: |  1  2  3  4  5  6  7  8 |
---------------+-------------------------+-----
Axes           | 2 3 4 5 6 7 |  7.9
Stealth        | 1 2 3 4 6 8 |  8.1
Fighting       | |  2.0
Throwing       | |  0.8
Armour         | |  0.8
Dodging        | |  1.7
Spellcasting   | |  2.0
Translocations | |  2.6

Action                   |  1- 3 |  4- 6 |  7- 9 || total
-------------------------+-------+-------+-------++-------
Melee: Hand axe          |    88 |    91 |       ||   179
       Punch             |     1 |     2 |     8 ||    11
       Trident           |       |    63 |   270 ||   333
       Unarmed           |       |       |    16 ||    16
Throw: Boomerang         |     4 |     2 |       ||     6
       Dart              |       |    16 |     5 ||    21
Invok: Lunge             |       |     4 |    29 ||    33
       Whirlwind         |       |       |    10 ||    10
 Abil: Wall Jump         |       |       |     1 ||     1
  Use: Potion            |     2 |     3 |     5 ||    10
       Scroll            |       |     6 |     1 ||     7
 Stab: Sleeping          |       |     4 |    10 ||    14
       Distracted        |       |       |     1 ||     1
Armor: Leather armour    |    31 |    38 |    81 ||   150
       Skin              |       |    13 |     1 ||    14
Dodge: Dodged            |    56 |   103 |   167 ||   326

Table legend: (Time is in decaauts)
 A = Elapsed time spent in this place.
 B = Non-inter-level travel time spent in this place.
 C = Inter-level travel time spent in this place.
 D = Time resting spent in this place.
 E = Time spent auto-exploring this place.
 F = Levels seen in this place.
 G = Mean time per level.
                   A        B        C        D        E       F      G
               +--------+--------+--------+--------+--------+-----+--------+
         Total |   9269 |   8969 |    300 |   4006 |   1921 |   9 | 1029.9 |
       Dungeon |   7896 |   7607 |    289 |   3640 |   1607 |   7 | 1128.0 |
        Temple |     82 |     71 |     11 |      0 |     61 |   1 |   82.0 |
         Sewer |   1290 |   1290 |      0 |    366 |    253 |   1 | 1290.0 |
               +--------+--------+--------+--------+--------+-----+--------+

Top non-repeatable levels by time:
     D:5: 1953 daAuts
     D:1: 1761 daAuts
     D:2: 1720 daAuts
   Sewer: 1290 daAuts
     D:4: 1248 daAuts
     D:3: 636 daAuts
     D:6: 459 daAuts
     D:7: 116 daAuts
  Temple: 82 daAuts
